 Dungeon Crawl Stone Soup version 0.31.0-12-g77e489cdc1 (webtiles) character file.

Game seed: 10739111838471869335

1514 Curundu the Cleaver (level 8, 0/73 HPs)
             Began as a Minotaur Berserker on Feb 23, 2024.
             Was a Priest of Trog.
             Slain by an orc warrior
             ... wielding a +0 trident
              (7 damage)
             ... on level 6 of the Dungeon on Feb 24, 2024.
             The game lasted 00:12:43 (4131 turns).

Curundu the Cleaver (Minotaur Berserker)            Turns: 4131, Time: 00:12:44

Health: 0/73       AC: 14    Str: 24    XL:     8   Next: 53%
Magic:  7/7        EV: 10    Int:  4    God:    Trog [***...]
Gold:   357        SH:  0    Dex: 10    Spells: 7/7 levels left

rFire   . . .        y - +4 quarterstaff (chaos)
rCold   . . .        (shield currently unavailable)
rNeg    . . .        o - +0 chain mail
rPois   .            (helmet restricted)
rElec   .            z - +2 cloak {Will+}
rCorr   .            q - +0 pair of gloves
SInv    .            (no boots)
Will    ++...        (no amulet) Stlth
                     k - ring of willpower
HPRegen 0.32/turn    (no ring)
MPRegen 0.10/turn

%: no passive effects
@: no status effects
A: horns 2, retaliatory headbutt
a: Renounce Religion, Berserk, Trog's Hand


You were on level 6 of the Dungeon.
You worshipped Trog.
Trog was most pleased with you.
You visited 1 branch of the dungeon, and saw 6 of its levels.

You collected 357 gold pieces.

Inventory:

Hand Weapons
 x - a +0 war axe
 y - a +4 quarterstaff of chaos (weapon)
Missiles
 m - 9 boomerangs (quivered)
Armour
 o - a +0 chain mail (worn)
 q - a +0 pair of gloves (worn)
 s - a +1 cloak of preservation
 z - a +2 cloak of willpower (worn)
Jewellery
 d - a +6 ring of dexterity
 k - a ring of willpower (left hand)
Scrolls
 a - a scroll of immolation {unknown}
 b - 2 scrolls of summoning {unknown}
 c - a scroll of torment {unknown}
 e - 4 scrolls of identify {unknown}
 f - a scroll of poison {unknown}
 g - 2 scrolls of teleportation {unknown}
 j - 4 scrolls of vulnerability {unknown}
 r - 2 scrolls of noise {unknown}
 v - 2 scrolls of fear {unknown}
 w - a scroll of acquirement {unknown}
Potions
 h - a potion of enlightenment {unknown}
 i - a potion of curing {unknown}
 l - a potion of ambrosia {unknown}
 n - a potion of magic {unknown}
 p - a potion of mutation {unknown}
 t - a potion of heal wounds {unknown}
 u - a potion of degeneration {unknown}


   Skills:
 + Level 7.2 Fighting
 + Level 9.9 Axes
 + Level 0.1 Staves
 + Level 5.2 Armour
 + Level 4.1 Dodging
 + Level 1.1 Stealth


You had 7 spell levels left.
You didn't know any spells.
Your spell library was empty.

Dungeon Overview and Level Annotations

Branches:
Dungeon (6/15)
 Temple: D:4-7

Altars:
Makhleb
Nemelex Xobeh
Ru
Zin


Innate Abilities, Weirdness & Mutations

You have a pair of horns on your head.
You reflexively headbutt those who attack you in melee.


Message History

The orc priest mumbles some strange prayers to Beogh against you.
Beogh smites you!
The orc warrior hits you with a +0 trident.
Items here: ( )) ††.
The orc warrior hits you with a +0 trident.
The orc priest closely misses you.
You sock the orc priest! You headbutt the orc priest.
You kill the orc priest!
Trog accepts your kill. The orc warrior closely misses you.
The orc warrior hits you from afar with a +0 trident.
Things that are here:
a +0 club; a +0 scale mail The orc warrior hits you but does no damage.
Things that are here:
a +0 club; a +0 scale mail You closely miss the orc warrior.
Your headbutt misses the orc warrior.
The orc warrior hits you with a +0 trident.
You hit the orc warrior. You burn the orc warrior.
Your headbutt misses the orc warrior.
The orc warrior is lightly wounded.
The orc warrior hits you with a +0 trident.
* * * LOW HITPOINT WARNING * * *
The orc warrior hits you but does no damage.
You hit the orc warrior but do no damage.
The orc warrior is poisoned.
The orc warrior is lightly wounded.
The orc warrior closely misses you.
You sock the orc warrior! Your headbutt misses the orc warrior.
The orc warrior is severely wounded.
The orc warrior hits you with a +0 trident!
* * * LOW HITPOINT WARNING * * *
You barely miss the orc warrior.
The orc warrior is severely wounded.
The orc warrior hits you with a +0 trident.
* * * LOW HITPOINT WARNING * * *
You closely miss the orc warrior. Your headbutt misses the orc warrior.
The orc warrior is severely wounded.
The orc warrior hits you with a +0 trident!
You die...

##### #...# ####
#...##...# ###
#......#.# #.#
#..@o)##.#####.#####
#...#....#..........
#...###..#.##...###.
+...+.......+...#...
#...##...##.#...####
#...................
#....#####.#........
#....#..........####
### #..#..#....# #


You could see an orc warrior (poisoned).

Vanquished Creatures
  Grinder (D:3)
  Sigmund (D:4)
  A water moccasin (D:5)
  A black bear (D:4)
  An ogre (D:5)
  5 scorpions
  2 bombardier beetles
  A jelly (D:6)
  2 orc priests
  Crazy Yiuf (D:5)
  2 hounds
  2 iguanas
  3 orc wizards
  5 adders
  A white imp (D:6)
  4 ufetubi (D:5)
  A dart slug (D:2)
  A ribbon worm (D:3)
  24 orcs
  9 endoplasms
  A giant cockroach (D:2)
  7 hobgoblins
  10 kobolds
  6 quokkas
  12 ball pythons
  8 bats
  5 frilled lizards
  9 goblins
  3 rats
129 creatures vanquished.

Notes
Turn   | Place    | Note
-------+----------+-------------------------------------------
     0 | D:1      | Curundu the Minotaur Berserker began the quest for the Orb.
     0 | D:1      | Reached XP level 1. HP: 19/19 MP: 0/0
   102 | D:1      | Reached XP level 2. HP: 24/27 MP: 1/1
   209 | D:1      | Reached skill level 4 in Axes
   342 | D:1      | Reached ** piety under Trog
   612 | D:2      | Reached XP level 3. HP: 30/34 MP: 2/2
  1222 | D:3      | Reached skill level 5 in Axes
  1222 | D:3      | Reached XP level 4. HP: 27/41 MP: 3/3
  1767 | D:3      | Reached *** piety under Trog
  1881 | D:3      | Noticed Grinder
  1898 | D:3      | Killed Grinder
  1899 | D:3      | Reached skill level 5 in Fighting
  1899 | D:3      | Reached skill level 6 in Axes
  1899 | D:3      | Reached XP level 5. HP: 29/48 MP: 4/4
  1899 | D:3      | Reached XP level 6. HP: 34/56 MP: 5/5
  2325 | D:4      | Reached skill level 7 in Axes
  2332 | D:4      | Reached XP level 7. HP: 62/62 MP: 6/6
  2379 | D:4      | Noticed Sigmund
  2393 | D:4      | Reached skill level 1 in Stealth
  2395 | D:4      | Killed Sigmund
  2396 | D:4      | Reached skill level 8 in Axes
  2767 | D:5      | Entered Level 5 of the Dungeon
  3070 | D:5      | Reached XP level 8. HP: 63/71 MP: 7/7
  3081 | D:5      | Reached skill level 9 in Axes
  3270 | D:5      | Found a sparkling altar of Nemelex Xobeh.
  3272 | D:5      | Found a sacrificial altar of Ru.
  3273 | D:5      | Found a glowing silver altar of Zin.
  3274 | D:5      | Found a burning altar of Makhleb.
  3768 | D:5      | Found a runed translucent door.
  3769 | D:5      | Noticed Crazy Yiuf
  3778 | D:5      | Killed Crazy Yiuf
  3793 | D:5      | Identified the +0 hammer of the Fray {freeze, Dex+2}
  4051 | D:6      | Reached skill level 5 in Armour
  4131 | D:6      | Slain by an orc warrior

Illustrated notes

Levels and vault maps discovered:
D:1:      minmay_arrival_jagged, layout_rooms
D:2:      layout_rooms
D:3:      layout_loops_ring, uniq_grinder
D:4:      layout_rooms, uniq_sigmund
D:5:      layout_basic, mainiacjoe_overflow_alcove_3, minivault_19,
          uniq_crazy_yiuf_cottage
D:6:      layout_basic

Skill      XL: |  1  2  3  4  5  6  7  8 |
---------------+-------------------------+-----
Fighting       | 4 5 6 7 |  7.2
Axes           | 4 5 6 7 8 9 |  9.9
Dodging        | 3 4 |  4.1
Armour         | 3 4 5 |  5.2
Stealth        | 1 |  1.1
Staves         | |  0.1

Action                     |  1- 3 |  4- 6 |  7- 9 || total
---------------------------+-------+-------+-------++-------
  Melee: Hand axe          |    64 |    71 |    90 ||   225
         Headbutt          |     8 |     9 |    24 ||    41
         Punch             |     1 |       |       ||     1
         Quarterstaff      |       |       |    18 ||    18
         War axe           |       |       |    14 ||    14
 Invoke: Trog's Hand       |     1 |     2 |     3 ||     6
         Berserk           |       |     2 |       ||     2
 Armour: Animal skin       |    44 |    11 |       ||    55
         Chain mail        |       |    48 |   123 ||   171
  Dodge: Dodged            |    70 |    34 |    55 ||   159
